[Event "ICC tourney 2532 (25 5)"]
[Site "Internet Chess Club"]
[Date "2021.04.25"]
[Round "8"]
[White "B LANCMAN, KYLE:K12-15146021"]
[Black "WANG, ANDREW:K12-14159754"]
[Result "1-0"]
[ICCResult "Black forfeits on time"]
[WhiteElo "2049"]
[BlackElo "1840"]
[Opening "Scotch gambit: Dubois-Réti defense"]
[ECO "C55"]
[NIC "KP.02"]
[Time "17:01:00"]
[PlyCount "77"]
[TimeControl "1500+5"]

1. e4 e5 2. Nf3 Nc6 3. Bc4 Nf6 4. d4 exd4 5. e5 d5 6. Bb5 Ne4 7. Nxd4 Bd7
8. Bxc6 bxc6 9. O-O Bc5 10. f3 Ng5 11. f4 Ne6 12. c3 O-O 13. f5 Ng5 14. f6
Ne6 15. Kh1 Re8 16. Qh5 Bxd4 17. cxd4 c5 18. fxg7 Qe7 19. Nc3 Nxg7 20. Qh6
Qe6 21. Rf6 Qg4 22. h3 Qxd4 23. Bf4 c6 24. Rf1 Bf5 25. Rxc6 Re6 26. Rxe6
fxe6 27. Bg5 Qxe5 28. Bf6 Qg3 29. Rf3 Qg6 30. Qh4 Nh5 31. Be5 d4 32. g4
dxc3 33. gxh5 c2 34. hxg6 c1=Q+ 35. Kh2 Bxg6 36. Qf6 Qd2+ 37. Rf2 Qxf2+ 38.
Qxf2 Rf8 39. Qxc5 { Black forfeits on time } 1-0

[Event "ICC tourney 2532 (25 5)"]
[Site "Internet Chess Club"]
[Date "2021.04.25"]
[Round "8"]
[White "HUNG, DANIEL:K12-14504425"]
[Black "MANTA, JAUSS:K12-16474385"]
[Result "1-0"]
[ICCResult "Black resigns"]
[WhiteElo "2185"]
[BlackElo "1160"]
[Opening "Pirc defense"]
[ECO "B07"]
[NIC "PU.08"]
[Time "17:01:58"]
[PlyCount "121"]
[TimeControl "1500+5"]

1. e4 d6 2. d4 Nf6 3. Nc3 Nbd7 4. Nf3 c6 5. Be2 Qc7 6. a4 e5 7. O-O Be7 8.
Be3 O-O 9. h3 b6 10. Qd2 Bb7 11. Rfd1 a5 12. Bf1 c5 13. d5 h6 14. g3 c4 15.
Bg2 Nc5 16. Ne1 Rad8 17. f4 Nh5 18. Qe2 Ba6 19. Qxh5 exf4 20. gxf4 Bf6 21.
Bd4 Bxd4+ 22. Rxd4 Rde8 23. Nf3 Qb7 24. e5 b5 25. axb5 Bxb5 26. Nd1 Nd7 27.
c3 Qc7 28. e6 fxe6 29. dxe6 Nc5 30. f5 Qb6 31. Nf2 Bc6 32. Re1 Re7 33. Re2
Nb3 34. Rg4 Nc1 35. Rc2 Nd3 36. Nd4 Bxg2 37. Rxg2 Nf4 38. Qg4 Nxg2 39. Kxg2
Qb7+ 40. Kg1 Kh7 41. Qg6+ Kh8 42. Ng4 Qe4 43. Rg2 Qb1+ 44. Kh2 Qc1 45. Rf2
Qg5 46. Qxg5 hxg5 47. f6 gxf6 48. Rxf6 Rxf6 49. Nxf6 Kg7 50. Nd5 Rb7 51.
Nf5+ Kg6 52. e7 Rxb2+ 53. Kg3 Re2 54. Nxd6 a4 55. e8=Q+ Rxe8 56. Nxe8 Kf5
57. Kf3 Ke6 58. Nb4 Kd7 59. Nf6+ Kd6 60. Ne4+ Ke5 61. Nxg5 { Black resigns
} 1-0

[Event "ICC tourney 2532 (25 5)"]
[Site "Internet Chess Club"]
[Date "2021.04.25"]
[Round "8"]
[White "TSYGANOVA, MARGARITA:K12-15922341"]
[Black "MANIACI, MARCO:K12-16925452"]
[Result "0-1"]
[ICCResult "White checkmated"]
[WhiteElo "1616"]
[BlackElo "1051"]
[Opening "Sicilian: Alapin's variation (2.c3)"]
[ECO "B22"]
[NIC "SI.46"]
[Time "17:01:59"]
[PlyCount "130"]
[TimeControl "1500+5"]

1. e4 c5 2. c3 d5 3. exd5 Qxd5 4. d4 cxd4 5. cxd4 Nc6 6. Nf3 e6 7. Nc3 Bb4
8. Be2 Nf6 9. O-O Qa5 10. Qc2 O-O 11. Bg5 Nxd4 12. Nxd4 Qxg5 13. Bf3 e5 14.
Ndb5 Bf5 15. Ne4 Nxe4 16. Bxe4 Bxe4 17. Qxe4 Bc5 18. Rac1 Rac8 19. Kh1 a6
20. Nc3 Bxf2 21. Rcd1 Bd4 22. Rf3 Bxc3 23. bxc3 Rfd8 24. Rdf1 Qe7 25. h3 f6
26. g4 Qe6 27. Qxb7 Qxa2 28. g5 Qd5 29. Qxd5+ Rxd5 30. gxf6 g6 31. f7+ Kf8
32. Rf6 a5 33. Ra6 e4 34. Re6 Rd3 35. Kg2 e3 36. Rf3 Rdxc3 37. h4 e2 38.
Rxe2 Rxf3 39. Kxf3 Kxf7 40. Re3 Rc4 41. Kg3 h5 42. Ra3 a4 43. Rf3+ Ke6 44.
Re3+ Kd5 45. Rf3 Rg4+ 46. Kh3 Kc4 47. Ra3 Kb4 48. Rf3 a3 49. Rf8 a2 50. Ra8
Kb3 51. Rb8+ Rb4 52. Ra8 Kb2 53. Rf8 a1=Q 54. Rf2+ Ka3 55. Rf3+ Rb3 56.
Rxb3+ Kxb3 57. Kg2 Qe1 58. Kh3 Qf1+ 59. Kh2 Kc3 60. Kg3 Kd3 61. Kh2 Qf5 62.
Kg3 Ke2 63. Kh2 Qg4 64. Kh1 Kf2 65. Kh2 Qg2# { White checkmated } 0-1

[Event "ICC tourney 2532 (25 5)"]
[Site "Internet Chess Club"]
[Date "2021.04.25"]
[Round "8"]
[White "IYER, PRANAV:K12-15164384"]
[Black "MENG, MICHAEL:K12-15693368"]
[Result "0-1"]
[ICCResult "White checkmated"]
[WhiteElo "1859"]
[BlackElo "728"]
[Opening "English: Bremen, reverse dragon"]
[ECO "A22"]
[NIC "EO.10"]
[Time "17:01:59"]
[PlyCount "180"]
[TimeControl "1500+5"]

1. c4 e5 2. Nc3 Nf6 3. g3 d5 4. cxd5 Nxd5 5. Bg2 Nb6 6. Nf3 Nc6 7. O-O Be7
8. a3 a5 9. d3 O-O 10. Be3 Be6 11. Rc1 a4 12. Bxb6 cxb6 13. Nxa4 e4 14. Ne1
Bg5 15. e3 exd3 16. Nf3 Bf6 17. Nc3 Qd7 18. Qd2 Na5 19. Rcd1 Nc4 20. Qc1
Rfd8 21. Nd2 b5 22. Nxc4 bxc4 23. Ne4 Be7 24. Nd2 Rac8 25. Qc3 b5 26. Rc1
Qc7 27. Ne4 Bd5 28. Rfd1 f5 29. Nd2 Bxg2 30. Kxg2 Bf6 31. Qb4 Qe7 32. Qxb5
f4 33. exf4 Rc5 34. Qb4 Rdc8 35. Re1 Qd7 36. Re4 Qd5 37. Kg1 c3 38. bxc3
Bxc3 39. Qb3 Qxb3 40. Nxb3 d2 41. Rd1 Rb5 42. Nxd2 Rd8 43. Kf1 Rxd2 44.
Rxd2 Bxd2 45. a4 Rb1+ 46. Ke2 Ba5 47. f5 Kf7 48. h4 Bb6 49. f3 Rb2+ 50. Kd3
Rf2 51. Kc4 Rxf3 52. g4 h5 53. Kb5 Bd8 54. gxh5 Rxf5+ 55. Ka6 Rxh5 56. Rd4
Ra5+ 57. Kb7 Bf6 58. Rf4 Kg6 59. Kb6 Bd8+ 60. Kc6 Kh5 61. Rf8 Bf6 62. Rh8+
Kg4 63. h5 Rxh5 64. Rxh5 Kxh5 65. a5 Bd4 66. a6 g5 67. Kd5 Ba7 68. Kc6 Kh4
69. Kb7 Bf2 70. a7 Bxa7 71. Kxa7 g4 72. Kb6 g3 73. Kc5 g2 74. Kd5 g1=Q 75.
Ke4 Qg3 76. Kf5 Qg4+ 77. Kf6 Kh5 78. Kf7 Qg5 79. Kf8 Qg6 80. Ke7 Kg5 81.
Kf8 Qh7 82. Ke8 Qg7 83. Kd8 Qf7 84. Kc8 Qe7 85. Kb8 Qd7 86. Ka8 Kf5 87. Kb8
Ke6 88. Ka8 Kd6 89. Kb8 Kc6 90. Ka8 Qb7# { White checkmated } 0-1

[Event "ICC tourney 2532 (25 5)"]
[Site "Internet Chess Club"]
[Date "2021.04.25"]
[Round "8"]
[White "IYER, MANTRA:K12-15233290"]
[Black "SU, KENNETH:K12-15191452"]
[Result "0-1"]
[ICCResult "White checkmated"]
[WhiteElo "1866"]
[BlackElo "2160"]
[Opening "KP: Nimzovich defense"]
[ECO "B00"]
[NIC "VO.04"]
[Time "17:01:21"]
[PlyCount "150"]
[TimeControl "1500+5"]

1. e4 Nc6 2. d4 e5 3. dxe5 Nxe5 4. f4 Nc6 5. Nf3 Bc5 6. Bc4 d6 7. Nc3 Nf6
8. Qe2 Be6 9. Bxe6 fxe6 10. Be3 Bb4 11. Bd2 Qe7 12. a3 Ba5 13. b4 Bb6 14.
Be3 O-O 15. O-O Ng4 16. Bxb6 axb6 17. h3 Nf6 18. e5 Nh5 19. exd6 cxd6 20.
Ne4 d5 21. Neg5 Nxf4 22. Qe3 h6 23. g3 hxg5 24. gxf4 gxf4 25. Qd3 Qf6 26.
Rae1 Rad8 27. Qe2 Rfe8 28. c4 Nd4 29. Nxd4 Qxd4+ 30. Kg2 Qf6 31. cxd5 Rxd5
32. Qe4 Rg5+ 33. Kh1 e5 34. Rxf4 Qe6 35. Rh4 Re7 36. Qh7+ Kf8 37. Rf1+ Rf7
38. Qd3 Rxf1+ 39. Qxf1+ Ke7 40. Rh8 Qc6+ 41. Kh2 Qc2+ 42. Kh1 Qe4+ 43. Kh2
Qc2+ 44. Kh1 Qe4+ 45. Kh2 Rf5 46. Qg2 Qxg2+ 47. Kxg2 Rf7 48. Rc8 Kd6 49.
Rc3 e4 50. Rg3 Kd5 51. a4 Kd4 52. Rg6 e3 53. Rxb6 Kd3 54. a5 Kd2 55. Rd6+
Ke1 56. b5 Rf2+ 57. Kh1 Rd2 58. Rb6 Rd7 59. a6 bxa6 60. bxa6 Kf2 61. Rb2+
e2 62. Kh2 Kf1 63. Rb1+ e1=Q 64. Rxe1+ Kxe1 65. h4 Ra7 66. h5 Rxa6 67. h6
Rxh6+ 68. Kg3 Rf6 69. Kg4 Ke2 70. Kh5 Kf3 71. Kg5 Ke4 72. Kh5 Kf4 73. Kh4
g5+ 74. Kh5 g4 75. Kh4 Rh6# { White checkmated } 0-1

[Event "ICC tourney 2532 (25 5)"]
[Site "Internet Chess Club"]
[Date "2021.04.25"]
[Round "8"]
[White "BUKLIS, JOSEPH:K12-14880942"]
[Black "POLLARD, VAIDEN:K12-14600991"]
[Result "0-1"]
[ICCResult "White checkmated"]
[WhiteElo "1494"]
[BlackElo "1156"]
[Opening "Sicilian: closed, 2...Nc6"]
[ECO "B23"]
[NIC "SI.44"]
[Time "17:00:27"]
[PlyCount "122"]
[TimeControl "1500+5"]

1. e4 c5 2. Nc3 Nc6 3. Bc4 d6 4. f4 Nf6 5. Nf3 g6 6. O-O Bg7 7. d3 O-O 8.
Qe1 a6 9. a4 Nb4 10. Bb3 Re8 11. Qh4 Nc6 12. e5 Nd7 13. Ng5 e6 14. Qxh7+
Kf8 15. exd6 Nf6 16. Qh4 Qxd6 17. Nh7+ Nxh7 18. Qxh7 Bd7 19. Ne4 Qc7 20.
Qh4 Qb6 21. Kh1 Nd4 22. Be3 Qc6 23. Nf6 Nf5 24. Nxd7+ Qxd7 25. Bxc5+ Kg8
26. Qg4 Bxb2 27. Rab1 Bg7 28. Qf3 Rac8 29. Ba3 Nd4 30. Qf2 Nxb3 31. Rxb3
Qxa4 32. Bb2 Bxb2 33. Rxb2 Qc6 34. h3 Rc7 35. Rfb1 Rec8 36. Qd4 b5 37. Ra1
Ra8 38. Rba2 Qb7 39. Rxa6 Rxa6 40. Rxa6 Rxc2 41. Qd8+ Kg7 42. Qd4+ Kh7 43.
Qe4 Qxa6 44. d4 Rc4 45. h4 Qd6 46. h5 Qxd4 47. hxg6+ fxg6 48. Qxe6 Rc1+ 49.
Kh2 Qxf4+ 50. g3 Qf2+ 51. Kh3 Rh1+ 52. Kg4 Qf5+ 53. Qxf5 gxf5+ 54. Kxf5 Rc1
55. g4 Kg7 56. g5 b4 57. g6 b3 58. Kg5 b2 59. Kf5 b1=Q+ 60. Kg5 Qxg6+ 61.
Kh4 Rh1# { White checkmated } 0-1

[Event "ICC tourney 2532 (25 5)"]
[Site "Internet Chess Club"]
[Date "2021.04.25"]
[Round "8"]
[White "MATTHEW PUDOL CALAUNAN, ANGELO:K12-17270737"]
[Black "KIM, GUNN:K12-16270570"]
[Result "1/2-1/2"]
[ICCResult "Game drawn by mutual agreement"]
[WhiteElo "879"]
[BlackElo "1640"]
[Opening "Sicilian: Taimanov (Bastrikov) variation"]
[ECO "B47"]
[NIC "SI.40"]
[Time "17:00:06"]
[PlyCount "321"]
[TimeControl "1500+5"]

1. e4 c5 2. Nf3 e6 3. d4 cxd4 4. Nxd4 Nc6 5. Nc3 Qc7 6. Be2 Nf6 7. Ndb5 Qb8
8. Be3 a6 9. Nd4 Bb4 10. O-O Bxc3 11. bxc3 Nxe4 12. Nxc6 bxc6 13. Rb1 Qc7
14. Bb6 Qe5 15. Bd4 Qg5 16. f4 Qh6 17. Bd3 Nf6 18. Bxf6 gxf6 19. h3 Rg8 20.
Kh2 Qh4 21. Qf3 f5 22. Qf2 Qf6 23. c4 Kf8 24. Qc5+ Qe7 25. Qxe7+ Kxe7 26.
c5 a5 27. Rfe1 Kf6 28. a4 Ba6 29. Bxa6 Rxa6 30. Rb7 Ke7 31. Rd1 Rd8 32. g4
fxg4 33. hxg4 Raa8 34. Kg3 Rab8 35. Rdxd7+ Rxd7 36. Rxb8 Rd4 37. Rb6 Rxa4
38. Rxc6 Rc4 39. Rc7+ Kf6 40. g5+ Kg6 41. c6 Rxc2 42. Ra7 Rxc6 43. Rxa5 Rc2
44. Kg4 Rc3 45. Ra6 Rc5 46. Ra7 Rf5 47. Ra4 Rd5 48. Ra7 f5+ 49. Kf3 Rd6 50.
Ke3 h6 51. gxh6 Kxh6 52. Ra1 Kg6 53. Rg1+ Kf6 54. Rg2 Rd5 55. Ra2 Rb5 56.
Ra6 Rb4 57. Kf3 Rb3+ 58. Kf2 Rc3 59. Ke2 Ke7 60. Ra7+ Kd6 61. Ra6+ Rc6 62.
Ra3 Kd5 63. Ke3 Rc5 64. Rd3+ Kc6 65. Ra3 Kd6 66. Rd3+ Ke7 67. Ra3 Rd5 68.
Ra7+ Kf6 69. Ra3 Rd7 70. Ra6 Rh7 71. Ke2 Rh3 72. Ra1 Kg6 73. Kf2 Rd3 74.
Ra8 Rc3 75. Ra7 Kf6 76. Ra8 Ke7 77. Ra6 Rd3 78. Ke2 Rd6 79. Ra3 Rc6 80. Ke3
Rb6 81. Rd3 Rb4 82. Rc3 Re4+ 83. Kf3 Kf6 84. Rd3 Rb4 85. Rc3 Rb1 86. Ra3
Rh1 87. Ra7 Rh3+ 88. Ke2 Rh4 89. Kf3 Rh1 90. Ke3 Rh3+ 91. Ke2 Rc3 92. Ra8
Rc6 93. Kf2 e5 94. Rf8+ Kg6 95. fxe5 Re6 96. Rg8+ Kf7 97. Rc8 Rxe5 98. Rc6
Re6 99. Rc1 Kf6 100. Kf3 Re4 101. Rc8 Re7 102. Rf8+ Kg6 103. Kf4 Re4+ 104.
Kf3 Rh4 105. Rg8+ Kf7 106. Rc8 Rg4 107. Rc7+ Kg6 108. Rc8 Rd4 109. Rg8+ Kf7
110. Rc8 Kf6 111. Rg8 Rd7 112. Rf8+ Kg6 113. Rg8+ Kf7 114. Ra8 Rd4 115.
Ra7+ Kg6 116. Ra8 Kg5 117. Rg8+ Kf6 118. Ra8 Ke5 119. Re8+ Kf6 120. Rf8+
Kg6 121. Rg8+ Kf7 122. Ra8 Kf6 123. Rf8+ Ke5 124. Re8+ Kf6 125. Rf8+ Ke6
126. Ra8 Rd6 127. Ke3 Ke5 128. Re8+ Kf6 129. Rf8+ Kg6 130. Ra8 Kg5 131. Ra1
f4+ 132. Ke4 Re6+ 133. Kf3 Re3+ 134. Kf2 Kg4 135. Ra8 Rf3+ 136. Kg2 Rg3+
137. Kf2 Rd3 138. Rg8+ Kf5 139. Rf8+ Ke5 140. Re8+ Kf6 141. Rf8+ Kg5 142.
Rg8+ Kh4 143. Ke2 Rg3 144. Rh8+ Kg4 145. Rg8+ Kh3 146. Rf8 Re3+ 147. Kf2
Kg4 148. Rg8+ Kf5 149. Rh8 Rc3 150. Rf8+ Kg5 151. Rg8+ Kh4 152. Rf8 Kg4
153. Rg8+ Kf5 154. Rf8+ Ke4 155. Re8+ Kd3 156. Kf3 Rc4 157. Rd8+ Kc2 158.
Rf8 Kd1 159. Rxf4 Rc3+ 160. Kf2 Rc2+ 161. Ke3 { Game drawn by mutual
agreement } 1/2-1/2

[Event "ICC tourney 2532 (25 5)"]
[Site "Internet Chess Club"]
[Date "2021.04.25"]
[Round "8"]
[White "MARTINEZ, JONATHAN:K12-14701133"]
[Black "WEIHENG CHENG, ADRIEN:K12-16318903"]
[Result "1/2-1/2"]
[ICCResult "Game drawn by mutual agreement"]
[WhiteElo "1945"]
[BlackElo "1439"]
[Opening "Giuoco Piano"]
[ECO "C50"]
[NIC "IG.02"]
[Time "17:01:54"]
[PlyCount "115"]
[TimeControl "1500+5"]

1. e4 e5 2. Nf3 Nc6 3. Bc4 Bc5 4. O-O h6 5. c3 d6 6. d3 Nf6 7. a4 a6 8.
Nbd2 Bg4 9. Re1 O-O 10. Nf1 d5 11. exd5 Nxd5 12. Ng3 Nb6 13. Bb3 Re8 14. h3
Bd7 15. Ne4 Bd6 16. Be3 Nc8 17. Qd2 Bf8 18. Rad1 Bf5 19. Ng3 Bh7 20. Nh2
N8e7 21. Ng4 Qd6 22. Qe2 Rad8 23. Qf3 Bg6 24. d4 exd4 25. Bxd4 Nxd4 26.
Rxd4 Qb6 27. Rb4 Qd6 28. Ne5 Nd5 29. Rd4 Rxe5 30. Rxe5 Qxe5 31. Rxd5 Rxd5
32. Bxd5 c6 33. Bb3 Qe1+ 34. Kh2 Qd2 35. Ne2 Qxb2 36. Bc4 Bd6+ 37. g3 Qc2
38. Nd4 Qe4 39. Qd1 Bc5 40. Ne2 Bxf2 41. Bb3 Bb6 42. Nf4 Bf5 43. Ng2 Bc7
44. Qf1 Qe5 45. Qf3 Bg6 46. Nh4 Kh7 47. Ng2 Be4 48. Qf2 Bxg2 49. Kxg2 Qe7
50. Bxf7 Qf6 51. Qxf6 gxf6 52. Be6 b5 53. Bd7 bxa4 54. Bxc6 a3 55. Bd5 Kg6
56. Kf3 Kf5 57. g4+ Ke5 58. Ba2 { Game drawn by mutual agreement } 1/2-1/2

[Event "ICC tourney 2532 (25 5)"]
[Site "Internet Chess Club"]
[Date "2021.04.25"]
[Round "8"]
[White "TSAY, VINCENT:K12-15297685"]
[Black "LEVKOV, DANIEL:K12-14218690"]
[Result "1-0"]
[ICCResult "Black resigns"]
[WhiteElo "2392"]
[BlackElo "2159"]
[Opening "Dutch: Leningrad, main variation with c6"]
[ECO "A88"]
[NIC "HD.06"]
[Time "17:00:32"]
[PlyCount "123"]
[TimeControl "1500+5"]

1. d4 f5 2. Nf3 Nf6 3. g3 g6 4. Bg2 Bg7 5. O-O O-O 6. c4 d6 7. Nc3 c6 8. d5
Bd7 9. Nd4 Qe8 10. Qb3 Qc8 11. c5 Kh8 12. cxd6 exd6 13. Bf4 cxd5 14. Nxd5
Nc6 15. Nb5 Nxd5 16. Bxd5 Na5 17. Qd3 Bxb5 18. Qxb5 Qc5 19. Qd3 Nc6 20. Bg2
Ne5 21. Qb3 Rac8 22. Rac1 Qa5 23. Rxc8 Rxc8 24. Qxb7 Qc7 25. Qa6 Qc4 26.
Qxc4 Rxc4 27. Rd1 Bf8 28. Bd5 Rc2 29. Kf1 Kg7 30. Be3 a6 31. Bb3 Rc7 32.
Rd5 Nc4 33. Bd4+ Kf7 34. Bc3 Ke7 35. h4 Bh6 36. Rd4 Ne5 37. Kg2 Nd7 38. Bd5
Bg7 39. Rc4 Rxc4 40. Bxc4 Bxc3 41. bxc3 Nc5 42. Kf3 a5 43. Bd5 Kf6 44. Ke3
Ke5 45. c4 h6 46. f4+ Kf6 47. Kd4 g5 48. e4 fxe4 49. Bxe4 gxf4 50. gxf4
Ne6+ 51. Ke3 Nc5 52. Bc2 Nd7 53. Kd4 Nb6 54. c5 dxc5+ 55. Kxc5 Nd7+ 56. Kb5
Ke6 57. Kxa5 Kd5 58. Kb5 Kd4 59. a4 Ke3 60. f5 Kf4 61. a5 Nb8 62. a6 {
Black resigns } 1-0

[Event "ICC tourney 2532 (25 5)"]
[Site "Internet Chess Club"]
[Date "2021.04.25"]
[Round "8"]
[White "S BHARGAVA, YASH:K12-16100156"]
[Black "SAMUEL PLATNICK, ELIJAH:K12-15208013"]
[Result "0-1"]
[ICCResult "White resigns"]
[WhiteElo "1772"]
[BlackElo "2015"]
[Opening "Two knights defense (Modern bishop's opening)"]
[ECO "C55"]
[NIC "IG.01"]
[Time "17:01:00"]
[PlyCount "118"]
[TimeControl "1500+5"]

1. e4 e5 2. Nf3 Nc6 3. Bc4 Nf6 4. d3 h6 5. Nc3 g6 6. Be3 d6 7. h3 Bg7 8.
Qd2 Na5 9. Bb3 c6 10. Ne2 Qc7 11. c4 Nxb3 12. axb3 a6 13. Nc3 Bd7 14. Na4
c5 15. Nc3 Bc6 16. Nh4 Qe7 17. Nf3 Nd7 18. Ng1 f5 19. f3 f4 20. Bf2 Qg5 21.
Rh2 Nf8 22. Nge2 Ne6 23. Na2 b5 24. Nac3 Kd7 25. Kf1 h5 26. Ke1 Kc7 27. Kf1
Qe7 28. Rc1 Kd7 29. Na2 b4 30. Ra1 g5 31. Rh1 Bf6 32. Ke1 a5 33. Kd1 Qd8
34. Kc2 Qb6 35. Rhb1 Ra7 36. Nac1 Rha8 37. Kd1 Ke7 38. Qc2 Kf7 39. Be1 Rh8
40. Bf2 Qd8 41. Qd2 Qa8 42. Qc2 Qg8 43. Qd2 Ke7 44. Qe1 Kd8 45. Ng1 g4 46.
Bh4 Qg7 47. fxg4 hxg4 48. Bxf6+ Qxf6 49. hxg4 Rh1 50. Nce2 Kc7 51. Qf2 Kb6
52. Kd2 Qg7 53. Qf3 Qh6 54. Nh3 Rxb1 55. Rxb1 a4 56. bxa4 Rxa4 57. Kc2 Ra2
58. Nc1 Nd4+ 59. Kd2 Nxf3+ { White resigns } 0-1

[Event "ICC tourney 2532 (25 5)"]
[Site "Internet Chess Club"]
[Date "2021.04.25"]
[Round "8"]
[White "EDMUND MICHIGAN, JOHNATHAN:K12-16974541"]
[Black "TEITELMAN, AIDEN:K12-15429990"]
[Result "0-1"]
[ICCResult "White forfeits on time"]
[WhiteElo "1054"]
[BlackElo "1710"]
[Opening "Sicilian defense"]
[ECO "B40"]
[NIC "SI.43"]
[Time "17:01:00"]
[PlyCount "154"]
[TimeControl "1500+5"]

1. e4 c5 2. Nf3 e6 3. b3 a6 4. Bb2 d5 5. exd5 exd5 6. Qe2+ Be6 7. g3 Nc6 8.
Bg2 d4 9. O-O Be7 10. Re1 Nf6 11. c3 O-O 12. cxd4 cxd4 13. Ne5 Nb4 14. Bxb7
Rb8 15. Bg2 Rb5 16. Rc1 Ra5 17. Nc6 Nxc6 18. Rxc6 Bd7 19. Rc1 Re8 20. d3
Bb4 21. Be4 Rae5 22. f3 R5e7 23. a3 Nxe4 24. dxe4 Ba5 25. Nd2 Bb5 26. Nc4
d3 27. Qe3 Bxc4 28. Rxc4 f5 29. Bc3 Bxc3 30. Rxc3 fxe4 31. fxe4 Rxe4 32.
Qxd3 Rd4 33. Qf1 h6 34. Rac1 Rd2 35. Qf4 Rf8 36. Qc4+ Kh8 37. R3c2 Qb6+ 38.
Qc5 Qxc5+ 39. Rxc5 Rff2 40. R5c3 Rg2+ 41. Kh1 Rxh2+ 42. Kg1 Rdg2+ 43. Kf1
Ra2 44. Kg1 Rhg2+ 45. Kh1 Kh7 46. b4 Rh2+ 47. Kg1 Rag2+ 48. Kf1 Ra2 49. Kg1
Rhb2 50. Kf1 Kg6 51. Re3 Rf2+ 52. Kg1 Rfd2 53. Rb1 Kh5 54. Kf1 Rh2 55. Kg1
Rag2+ 56. Kf1 Rc2 57. Kg1 Rhg2+ 58. Kh1 Kg4 59. b5 Rh2+ 60. Kg1 axb5 61.
Rb4+ Kh5 62. Rxb5+ g5 63. a4 Rcg2+ 64. Kf1 Ra2 65. Kg1 Rhc2 66. Kf1 Rc1+
67. Re1 Rc3 68. Re2 Rxe2 69. Kxe2 Rxg3 70. a5 Ra3 71. Kd2 Kh4 72. Kc2 g4
73. Kb2 Ra4 74. Kb3 Ra1 75. Kb2 Rf1 76. a6 Rf8 77. a7 Ra8 { White forfeits
on time } 0-1

[Event "ICC tourney 2532 (25 5)"]
[Site "Internet Chess Club"]
[Date "2021.04.25"]
[Round "8"]
[White "GRABINSKY, JOSHUA:K12-14729181"]
[Black "HAUPTMAN, JACK:K12-15575055"]
[Result "1-0"]
[ICCResult "Black resigns"]
[WhiteElo "2315"]
[BlackElo "1916"]
[Opening "Nimzovich-Larsen attack"]
[ECO "A01"]
[NIC "VO.08"]
[Time "17:01:39"]
[PlyCount "127"]
[TimeControl "1500+5"]

1. b3 g6 2. Bb2 Nf6 3. e3 Bg7 4. Nf3 O-O 5. d4 d5 6. Be2 c6 7. O-O Bf5 8.
c4 e6 9. Nc3 Nbd7 10. Nh4 Rc8 11. Nxf5 exf5 12. cxd5 cxd5 13. Rc1 Nb6 14.
a4 a6 15. Rc2 Re8 16. Qa1 Ne4 17. Rfc1 f4 18. Nxe4 Rxc2 19. Rxc2 dxe4 20.
exf4 Qd6 21. g3 Bf8 22. Qc1 Nd5 23. Rc8 Rxc8 24. Qxc8 Qb4 25. Bc4 Qe1+ 26.
Kg2 e3 27. Ba3 Qxf2+ 28. Kh3 Nxf4+ 29. Kg4 h5+ 30. Kg5 Ne6+ 31. Bxe6 fxe6
32. g4 hxg4 33. Bxf8 Qxf8 34. Qxe6+ Qf7 35. Qxe3 Qf5+ 36. Kh4 Qh5+ 37. Kg3
Qh3+ 38. Kf4 Qxh2+ 39. Kxg4 Qh5+ 40. Kg3 Qf5 41. b4 Kg7 42. Qe7+ Qf7 43.
Qd6 Qe8 44. Kf4 Qf8+ 45. Ke5 Qxd6+ 46. Kxd6 g5 47. Kc7 g4 48. d5 g3 49. d6
g2 50. d7 g1=Q 51. d8=Q Qg2 52. Qd7+ Kf6 53. Kb6 Qe4 54. Qd6+ Kf5 55. Qf8+
Kg4 56. a5 Qd5 57. Qg7+ Kf4 58. Qxb7 Qd3 59. Ka7 Qd4+ 60. Qb6 Qd7+ 61. Kxa6
Qc8+ 62. Kb5 Ke5 63. Qc5+ Qxc5+ 64. Kxc5 { Black resigns } 1-0

[Event "ICC tourney 2532 (25 5)"]
[Site "Internet Chess Club"]
[Date "2021.04.25"]
[Round "8"]
[White "KUNG, THOMAS:K12-14583075"]
[Black "PHILIP MOOR, NATHANIEL:K12-15012516"]
[Result "1/2-1/2"]
[ICCResult "Game drawn because neither player has mating material"]
[WhiteElo "2293"]
[BlackElo "2180"]
[Opening "Sicilian: Najdorf, Byrne (English) attack"]
[ECO "B90"]
[NIC "SI.14"]
[Time "17:01:21"]
[PlyCount "158"]
[TimeControl "1500+5"]

1. e4 c5 2. Nf3 d6 3. d4 cxd4 4. Nxd4 Nf6 5. Nc3 a6 6. Be3 e5 7. Nb3 Be7 8.
f3 b5 9. Qd2 Be6 10. g4 h6 11. O-O-O Nbd7 12. Kb1 Qc7 13. Nd5 Bxd5 14. exd5
Rc8 15. h4 Nb6 16. Bxb6 Qxb6 17. Bh3 Rc4 18. g5 Nh5 19. Na5 Rxh4 20. Qc3
O-O 21. gxh6 b4 22. Qd2 Qxa5 23. hxg7 Nxg7 24. Bf5 Rxh1 25. Rxh1 Nxf5 26.
Qh2 Bh4 27. Qh3 Qd8 28. Qxf5 Qg5 29. Qe4 f5 30. Qxh4 Qxh4 31. Rxh4 e4 32.
fxe4 fxe4 33. Kc1 Rf1+ 34. Kd2 Rf2+ 35. Kd1 e3 36. Rxb4 Rd2+ 37. Ke1 Rxd5
38. Rc4 Rd2 39. b4 d5 40. Rc6 d4 41. a4 Rh2 42. b5 axb5 43. axb5 Rh1+ 44.
Ke2 Rb1 45. Rc4 Rxb5 46. Rxd4 Rc5 47. c4 Kf7 48. Kxe3 Ke6 49. Kd3 Rh5 50.
Kc3 Rh1 51. Rd2 Rb1 52. Rd8 Rb6 53. Rd1 Rd6 54. Rh1 Kd7 55. Kb4 Kc6 56. Rh8
Rg6 57. Ra8 Kb7 58. Ra5 Rg1 59. Rh5 Ra1 60. Rh6 Rg1 61. Kb5 Rg5+ 62. Kb4
Kc7 63. Rf6 Rh5 64. Ra6 Rg5 65. Ra7+ Kb6 66. Rf7 Kc6 67. Rf6+ Kc7 68. c5
Rg1 69. Rh6 Rb1+ 70. Ka5 Rc1 71. Kb5 Rb1+ 72. Kc4 Rc1+ 73. Kd4 Rd1+ 74. Ke3
Re1+ 75. Kd3 Rd1+ 76. Ke3 Rd5 77. c6 Rc5 78. Kd4 Rxc6 79. Rxc6+ Kxc6 { Game
drawn because neither player has mating material } 1/2-1/2

[Event "ICC tourney 2532 (25 5)"]
[Site "Internet Chess Club"]
[Date "2021.04.25"]
[Round "8"]
[White "ALBION ZHANG, NATHANIEL:K12-14885012"]
[Black "BENJAMIN JONES, JACOB:K12-16585267"]
[Result "0-1"]
[ICCResult "White checkmated"]
[WhiteElo "2150"]
[BlackElo "1891"]
[Opening "English opening"]
[ECO "A16"]
[NIC "EO.64"]
[Time "17:01:21"]
[PlyCount "194"]
[TimeControl "1500+5"]

1. c4 Nf6 2. Nc3 g6 3. e4 d6 4. g3 Bg7 5. Bg2 O-O 6. Nge2 e5 7. O-O Nc6 8.
d3 Bg4 9. h3 Be6 10. f4 exf4 11. gxf4 Qd7 12. Kh2 Nh5 13. Be3 f5 14. b3
fxe4 15. dxe4 Rae8 16. Qd2 Qe7 17. Rae1 Bc8 18. Nd5 Qd8 19. b4 Nf6 20. Ng3
Nxd5 21. cxd5 Ne7 22. Rc1 Kh8 23. a4 Ng8 24. Qc2 Qh4 25. Qxc7 Nh6 26. Bf2
Ng4+ 27. Kh1 Nxf2+ 28. Rxf2 Qxg3 29. Rf3 Qh4 30. Qxd6 Rxe4 31. Kh2 Bh6 32.
Kh1 Rexf4 33. Qe5+ Kg8 34. Rb3 Qf6 35. Qe1 Rd4 36. Rc7 Bf4 37. Rf3 Qd6 38.
Re7 Bh6 39. Re8 Rf4 40. Rxf4 Bxf4 41. Re7 Rf7 42. Re8+ Rf8 43. Re7 Bg3 44.
Qe3 Qxb4 45. Re4 Qb1+ 46. Qg1 Qxg1+ 47. Kxg1 Bd7 48. Re7 Bxa4 49. Rxb7 Bf2+
50. Kh2 Bc5 51. h4 Rf7 52. Rb8+ Kg7 53. Rc8 Bd6+ 54. Kh1 Bg3 55. Rc4 Bb5
56. Rd4 Rd7 57. Bh3 Rd6 58. Be6 Bd7 59. Re4 Bxe6 60. dxe6 Rd8 61. Kg2 Bd6
62. Kf3 Kf6 63. Kg4 h5+ 64. Kf3 Ke7 65. Ke3 Rf8 66. Kd3 Rf6 67. Ra4 Bc5 68.
Kc4 Bb6 69. Kd5 Rf5+ 70. Kc6 Rc5+ 71. Kb7 Kxe6 72. Rf4 Rc1 73. Rf8 Rb1 74.
Kc6 a5 75. Re8+ Kf5 76. Rb8 a4 77. Ra8 Rb4 78. Kd5 Bf2 79. Rf8+ Kg4 80.
Rxf2 a3 81. Ke5 Ra4 82. Ra2 Kxh4 83. Kf6 g5 84. Kf5 g4 85. Ke5 Kg3 86. Kf5
h4 87. Kg5 h3 88. Kh5 h2 89. Rxh2 Kxh2 90. Kh4 g3+ 91. Kg5 g2 92. Kf5 g1=Q
93. Ke5 Qg5+ 94. Kd6 Ra6+ 95. Kc7 Qg7+ 96. Kb8 Rh6 97. Kc8 Rh8# { White
checkmated } 0-1

[Event "ICC tourney 2532 (25 5)"]
[Site "Internet Chess Club"]
[Date "2021.04.25"]
[Round "8"]
[White "KUMARAPPAN, GANESH:K12-14920281"]
[Black "HUANG, ANDY:K12-14633373"]
[Result "1-0"]
[ICCResult "Black resigns"]
[WhiteElo "2004"]
[BlackElo "2334"]
[Opening "QGD: Cambridge Springs defense, Yugoslav variation"]
[ECO "D52"]
[NIC "QO.15"]
[Time "17:01:00"]
[PlyCount "117"]
[TimeControl "1500+5"]

1. d4 d5 2. c4 c6 3. Nc3 Nf6 4. Nf3 e6 5. Bg5 Nbd7 6. e3 Qa5 7. cxd5 Nxd5
8. Qd2 Bb4 9. Rc1 Nxc3 10. bxc3 Ba3 11. Rd1 b6 12. Bd3 Ba6 13. O-O O-O 14.
c4 Qxd2 15. Rxd2 c5 16. Ne1 cxd4 17. exd4 Rac8 18. Nc2 Bd6 19. Ne3 h6 20.
Bh4 Bf4 21. Rc2 Rc7 22. Bg3 Bxg3 23. hxg3 Rd8 24. Rd1 Nf6 25. Be2 Rcd7 26.
Rc3 Bb7 27. Nc2 Be4 28. Bd3 Bc6 29. Ra3 Rc7 30. f3 Kf8 31. Kf2 Nh5 32. Rh1
Nf6 33. Ke3 Nd7 34. g4 Ke7 35. g3 e5 36. d5 Ba8 37. Rd1 Nc5 38. f4 f6 39.
Bf5 Kd6 40. Nb4 Re8 41. Kf3 a5 42. Nc2 Rb8 43. Rb1 Na6 44. Ne3 Nb4 45. Be4
Rd7 46. c5+ bxc5 47. Rxa5 Rdd8 48. a3 Na2 49. Nf5+ Kd7 50. Ra7+ Ke8 51.
Nxg7+ Kf8 52. Ne6+ Kg8 53. Nxd8 Rxd8 54. Rxa8 Rxa8 55. d6 Rxa3+ 56. Kg2 Nb4
57. Rd1 Nd3 58. d7 Ra2+ 59. Kg1 { Black resigns } 1-0